 Dungeon Crawl Stone Soup version 0.31-a0-233-g139696dc86 (webtiles) character file.

Game seed: 9152478055964934117

240 qw the Shooter (level 5, -2/45 HPs)
             Began as a Minotaur Hexslinger on July 7, 2023.
             Slain by a gnoll
             ... wielding a +0 club
              (3 damage)
             ... on level 4 of the Dungeon.
             The game lasted 00:01:05 (2806 turns).

qw the Shooter (Minotaur Hexslinger)                Turns: 2806, Time: 00:01:06

Health: -2/45      AC:  5    Str: 13    XL:     5   Next: 79%
Magic:  5/5        EV: 12    Int: 10    God:
Gold:   157        SH:  0    Dex: 14    Spells: 5/6 levels left

rFire   . . .        Y - +3 sling
rCold   + . .        (no shield)
rNeg    . . .        c - +2 robe {rC+}
rPois   .            (helmet restricted)
rElec   .            d - +0 cloak
rCorr   .            (no gloves)
SInv    .            (no boots)
Will    .....        (no amulet)
Stlth   +            (no ring)
HPRegen 0.27/turn    (no ring)
MPRegen 0.09/turn

%: no passive effects
@: no status effects
A: horns 2, retaliatory headbutt
a: no special abilities


You were on level 4 of the Dungeon.
You visited 1 branch of the dungeon, and saw 4 of its levels.

You collected 157 gold pieces.


Innate Abilities, Weirdness & Mutations

You have a pair of horns on your head.
You reflexively headbutt those who attack you in melee.


   Skills:
 + Level 3.5 Fighting
 - Level 6.0 Ranged Weapons
 - Level 2.1 Dodging
 - Level 1.0 Spellcasting
 - Level 2.0 Hexes


You had 5 spell levels left.
You knew the following spells:

 Your Spells              Type           Power      Damage    Failure   Level
a - Slow                  Hex            16%        N/A       16%         1

Your spell library contained the following spells:

 Spells                   Type           Power      Damage    Failure   Level
 Inner Flame              Hex/Fire       2%         N/A       56%         3
 Portal Projectile        Hex/Tloc       4%         N/A       56%         3
 Cause Fear               Hex            2%         N/A       83%         4

Inventory:

Hand Weapons
 Y - a +3 sling (weapon)
Armour
 c - a +2 robe of cold resistance (worn)
 d - a +0 cloak (worn)
Jewellery
 e - a ring of protection from fire
Scrolls
 a - a scroll of identify
 f - a scroll of blinking {unknown}
 j - a scroll of revelation {unknown}
 l - a scroll of brand weapon {unknown}
Potions
 b - a potion of resistance {unknown}
 g - a potion of attraction {unknown}
 h - a potion of curing
 i - a potion of might {unknown}
 k - 2 potions of invisibility {unknown}
 m - a potion of cancellation {unknown}

Dungeon Overview and Level Annotations

Branches:
Dungeon (4/15)
 Temple: D:4-7

Altars:


Message History

The sling bullet closely misses the kobold.
The kobold brigand barely misses you. You furiously retaliate!
You headbutt the kobold brigand, but do no damage.
The gnoll barely misses you.
You shoot a sling bullet.
The sling bullet barely misses the kobold brigand.
The sling bullet closely misses the kobold.
The kobold brigand hits you with a +0 dagger.
The gnoll hits you with a +0 club!
You shoot a sling bullet.
The sling bullet hits the kobold brigand.
The kobold brigand is almost dead.
The kobold brigand hits you but does no damage.
The gnoll barely misses you.
You shoot a sling bullet.
The sling bullet closely misses the kobold brigand.
The sling bullet hits the kobold.
You kill the kobold!
The gnoll misses you.
The kobold brigand hits you but does no damage.
The kobold brigand misses you. The gnoll hits you with a +0 club.
You shoot a sling bullet.
The sling bullet hits the kobold brigand.
You kill the kobold brigand!
The kobold brigand hits you with a +0 dagger.
The gnoll hits you with a +0 club.
Your Ranged Weapons skill increases to level 6!
You shoot a sling bullet.
The sling bullet barely misses the gnoll.
The kobold brigand hits you with a +0 dagger.
The gnoll hits you but does no damage.
You shoot a sling bullet.
The sling bullet barely misses the gnoll.
The kobold brigand completely misses you.
The gnoll barely misses you.
You shoot a sling bullet.
The sling bullet barely misses the gnoll.
The kobold brigand hits you with a +0 dagger.
The gnoll hits you with a +0 club.
You die...

.................................
~~~.~..~..~~~..~~~..~.~..~~~~~~.~
~~~~~~~~~~~~~~~~~~~~~~~~~~~~~~~~~
~~~~~~~~~~~~~~~~~~~~~~~~~~~~~~~~~
~~~~~~~~~~~~~~~~~~~~~#####~~~~~~~
###################### #~~~~~~~
......#.............(# #~~~~~~~
...)).'.........)g)..#
#######.........@K)..#
..........########......
..........# .....
..........######## ....
#######........... ##+
.....)%...........
.....)#...........
##################


You could see a kobold brigand and a gnoll.

Vanquished Creatures
  A kobold brigand (D:4)
  A hound (D:4)
  2 adders
  A gnoll (D:4)
  2 dart slugs
  4 worms
  5 orcs
  5 endoplasms
  3 giant cockroaches
  5 goblins
  6 hobgoblins
  7 jackals
  18 kobolds
  5 quokkas
  6 ball pythons
  9 bats
  4 frilled lizards
  7 rats
91 creatures vanquished.

Notes
Turn   | Place    | Note
-------+----------+-------------------------------------------
     0 | D:1      | qw the Minotaur Hexslinger began the quest for the Orb.
     0 | D:1      | Reached XP level 1. HP: 16/16 MP: 1/1
     0 | D:1      | 0 ||| qw: Version: 0.3-a-46-gb1f654a
     0 | D:1      | 0 ||| qw: Game counter: 3147
     0 | D:1      | 0 ||| qw: Melee chars always use a shield: true
     0 | D:1      | 0 ||| qw: God list: Okawaru
     0 | D:1      | 0 ||| qw: Allow faded altars: false
     0 | D:1      | 0 ||| qw: Do Orc after clearing Dungeon:15 true
     0 | D:1      | 0 ||| qw: Do second Lair branch before Depths: true
     0 | D:1      | 0 ||| qw: Lair rune preference: random
     0 | D:1      | 0 ||| qw: Goals: Normal
     0 | D:1      | 0 ||| PLANNING D:1-11
    84 | D:1      | Reached skill level 3 in Ranged Weapons
   124 | D:1      | Reached XP level 2. HP: 23/23 MP: 2/2
   441 | D:1      | 441 ||| UPGRADING to +0 cloak.
   446 | D:1      | 446 ||| UPGRADING to +0 leather armour.
   456 | D:1      | 456 ||| DROPPING +0 robe.
   457 | D:1      | 457 ||| READING 2 scrolls labelled UTRIODOHOSCH.
   461 | D:1      | 461 ||| READING scroll labelled NEGYIFI GUAHO.
   462 | D:1      | 462 ||| DRINKING 2 dark potions.
   463 | D:1      | 463 ||| DROPPING scroll of poison.
   504 | D:2      | Reached XP level 3. HP: 24/29 MP: 3/3
   694 | D:2      | HP: 3/29 [worm (9)]
   695 | D:2      | 695 ||| READING scroll of teleportation.
   945 | D:2      | Reached skill level 4 in Ranged Weapons
  1310 | D:2      | 1310 ||| UPGRADING to +2 robe of cold resistance.
  1320 | D:2      | 1320 ||| DROPPING +0 leather armour.
  1337 | D:3      | Reached XP level 4. HP: 36/36 MP: 4/4
  2004 | D:3      | Reached skill level 5 in Ranged Weapons
  2146 | D:3      | 2146 ||| READING scroll labelled NIQUME AWKE XUESK.
  2147 | D:3      | 2147 ||| READING scroll labelled WACHID UFOLEMNY.
  2148 | D:3      | 2148 ||| READING scroll labelled OMISKI ETTUMU.
  2448 | D:4      | 2448 ||| READING scroll of enchant weapon.
  2448 | D:4      | 2448 ||| ENCHANTING +2 sling.
  2717 | D:4      | Reached skill level 3 in Fighting
  2717 | D:4      | Reached XP level 5. HP: 39/45 MP: 5/5
  2803 | D:4      | HP: 9/45 [gnoll/+0 club (5)]
  2804 | D:4      | Reached skill level 6 in Ranged Weapons
  2806 | D:4      | HP: 1/45 [kobold brigand/+0 dagger (6)]
  2806 | D:4      | Slain by a gnoll

Levels and vault maps discovered:
D:1:      dpeg_arrival_tiny_a, layout_rooms
D:2:      layout_loops_ring, minmay_pentomino_r4
D:3:      layout_basic
D:4:      minmay_goblin_kobold_castle, layout_loops_ring,
          nzn_wu_jian_council_hall

Skill      XL: |  1  2  3  4  5 |
---------------+----------------+-----
Ranged Weapons | 3 4 5 6 |  6.0
Fighting       | 2 3 |  3.5
Dodging        | |  2.1
Spellcasting   | |  1.0
Hexes          | |  2.0

Action                     |  1- 3 |  4- 6 || total
---------------------------+-------+-------++-------
   Fire: Sling             |   137 |   137 ||   274
    Use: Scroll            |     3 |     4 ||     7
         Potion            |     1 |       ||     1
 Armour: Robe              |     5 |    30 ||    35
         Leather armour    |    14 |       ||    14
  Dodge: Dodged            |    49 |    48 ||    97

Table legend:
 A = Non-vault XP
 B = Vault XP
 C = Vault XP percentage of total XP
 D = Non-vault monster count
 E = Vault monster count
 F = Vault count percentage of total count
                 A         B        C        D         E       F
            +---------+---------+-------+---------+---------+-------
      Total |     209 |     134 |  39.1 |      71 |      20 |  22.0
            +---------+---------+-------+---------+---------+-------
        D:1 |      36 |       0 |   0.0 |      21 |       0 |   0.0
        D:2 |      55 |       5 |   8.3 |      22 |       3 |  12.0
        D:3 |      54 |       0 |   0.0 |      19 |       0 |   0.0
        D:4 |      64 |     129 |  66.8 |       9 |      17 |  65.4
            +---------+---------+-------+---------+---------+-------
